 Dungeon Crawl Stone Soup version 0.21-a0-552-g593960d (webtiles) character file.

32 tidbits the Caller (level 3, -1/25 HPs)
             Began as a Gnoll Summoner on Dec 17, 2017.
             Slain by tidbits's ghost (3 damage)
             ... on level 4 of the Dungeon.
             The game lasted 00:04:06 (549 turns).

tidbits the Caller (Gnoll Summoner)                  Turns: 549, Time: 00:04:07

Health: -1/25      AC:  4    Str: 10    XL:     3   Next: 25%
Magic:  6/9        EV: 14    Int: 18    God:
Gold:   46         SH:  0    Dex: 15    Spells: 9/12 levels left

rFire    . . .     SeeInvis .   k - +0 dagger
rCold    . . .     Gourm    .   (no shield)
rNeg     . . .     Faith    .   a - +0 robe
rPois    .         Spirit   .   (no helmet)
rElec    .         Reflect  .   (no cloak)
rCorr    .         Harm     .   G - +1 pair of gloves {archery}
MR       .....                  (no boots)
Stlth    +++.......             (no amulet)
HPRegen  0.08/turn              (no ring)
MPRegen  0.11/turn              (no ring)

@: hasted, very quick
A: distributed training, fangs 1, strong nose
a: no special abilities


You were on level 4 of the Dungeon.
You were full.

You visited 1 branch of the dungeon, and saw 4 of its levels.

You collected 46 gold pieces.

Inventory:

Hand Weapons
 k - a +0 dagger (weapon)
Missiles
 h - 19 sling bullets
Armour
 a - a +0 robe (worn)
 G - a +1 pair of gloves of archery (worn)
   (You found it on level 2 of the Dungeon)
Jewellery
 j - an uncursed ring of fire
   (You found it on level 1 of the Dungeon)
Scrolls
 f - 3 scrolls of identify {unknown}
 g - a scroll of amnesia {unknown}
Potions
 d - a potion of mutation {unknown}
 e - a potion of heal wounds {unknown}
 i - a potion of haste
Books
 b - a book of Callings

   Spells                             Type                      Level
   a - Summon Small Mammal            Summoning                    1
   b - Call Imp                       Summoning                    2
   c - Call Canine Familiar           Summoning                    3
   d - Summon Guardian Golem          Hexes/Summoning              3
   e - Summon Lightning Spire         Summoning/Air                4
   f - Summon Ice Beast               Ice/Summoning                4
Comestibles
 c - 2 bread rations
 l - 2 meat rations


   Skills:
 + Level 0.6 Fighting
 + Level 0.6 Short Blades
 + Level 0.6 Long Blades
 + Level 0.6 Axes
 + Level 0.6 Maces & Flails
 + Level 0.6 Polearms
 + Level 0.6 Staves
 + Level 0.6 Slings
 + Level 0.6 Bows
 + Level 0.6 Crossbows
 + Level 0.6 Throwing
 + Level 0.6 Armour
 + Level 4.5 Dodging
 + Level 4.1 Stealth
 + Level 0.6 Shields
 + Level 0.6 Unarmed Combat
 + Level 5.0 Spellcasting
 + Level 0.4 Conjurations
 + Level 0.4 Hexes
 + Level 0.4 Charms
 + Level 7.1 Summonings
 + Level 0.4 Necromancy
 + Level 0.4 Translocations
 + Level 0.4 Transmutations
 + Level 0.4 Fire Magic
 + Level 0.4 Ice Magic
 + Level 0.4 Air Magic
 + Level 0.4 Earth Magic
 + Level 0.4 Poison Magic
 + Level 0.8 Invocations
 + Level 0.6 Evocations


You had 9 spell levels left.
You knew the following spells:

 Your Spells              Type           Power        Failure   Level  Hunger
a - Summon Small Mammal   Summ           ####         1%          1    None
i - Call Imp              Summ           ####....     1%          2    #......


Dungeon Overview and Level Annotations

Branches:
Dungeon (4/15)
 Temple: D:4-7

Altars:

Annotations:
D:4 tidbits's ghost, weakling GnSu


Innate Abilities, Weirdness & Mutations

Your experience applies equally to all skills.
You have very sharp teeth.
Your uncanny sense of smell can sniff out nearby items.


Message History

The quokka closely misses you.
You closely miss the quokka.
The quokka bites you but does no damage.
Okay, then.
Casting: Summon Small Mammal
Confirm with . or Enter, or press ? or * to list all spells.
You barely miss the quokka. The quokka barely misses you.
Casting: Summon Small Mammal
Confirm with . or Enter, or press ? or * to list all spells.
The quokka closely misses you.
Your quokka barely misses the quokka.
Tidbits's ghost hits your rat.
Your rat dies!
Your rat's corpse disappears in a puff of smoke!
The quokka barely misses you.
Casting: Summon Small Mammal
Confirm with . or Enter, or press ? or * to list all spells.
Your quokka bites the quokka.
Tidbits's ghost hits your quokka.
Your quokka closely misses the quokka.
The quokka bites you.
* * * LOW HITPOINT WARNING * * *
You hit the quokka. You bite the quokka, but do no damage.
The quokka is moderately wounded.
Your quokka closely misses the quokka.
Your quokka misses the quokka. The quokka completely misses you.
Tidbits's ghost hits your quokka.
You closely miss the quokka.
The quokka is moderately wounded.
Your quokka bites the quokka.
Your quokka barely misses the quokka.
The quokka barely misses you.
You hit the quokka but do no damage.
The quokka is severely wounded.
Tidbits's ghost closely misses your quokka.
Your quokka barely misses the quokka. x2
You closely miss the quokka. You bite the quokka, but do no damage.
The quokka is severely wounded.
The quokka closely misses you.
Tidbits's ghost closely misses your quokka.
You hit the quokka but do no damage. Your bite misses the quokka.
The quokka is severely wounded.
Your quokka closely misses the quokka.
Your quokka bites the quokka.
The quokka dies!
The quokka's corpse disappears in a puff of smoke!
Casting: Summon Small Mammal
Confirm with . or Enter, or press ? or * to list all spells.
Your quokka bites tidbits's ghost but does no damage.
Your quokka misses tidbits's ghost.
Tidbits's ghost mumbles some strange words.
Your quokka bites tidbits's ghost.
You hit tidbits's ghost.
Tidbits's ghost is moderately damaged.
The quokka bites your quokka.
Your quokka dies!
Your quokka's corpse disappears in a puff of smoke!
Your quokka bites tidbits's ghost but does no damage.
You hit tidbits's ghost.
You bite tidbits's ghost, but do no damage.
Tidbits's ghost is moderately damaged.
Your bat hits tidbits's ghost but does no damage.
Tidbits's ghost hits you.
* * * LOW HITPOINT WARNING * * *
The quokka barely misses your bat.
You closely miss tidbits's ghost. Your bite misses tidbits's ghost.
Tidbits's ghost is moderately damaged.
Your bat hits tidbits's ghost.
Your bat barely misses the quokka.
Your quokka bites tidbits's ghost.
Tidbits's ghost whispers, "Death is liberation."
Tidbits's ghost hits you but does no damage.
The quokka barely misses your bat.
You hit tidbits's ghost.
You bite tidbits's ghost, but do no damage.
Tidbits's ghost is heavily damaged.
Your bat closely misses tidbits's ghost.
Your bat closely misses the quokka.
Your quokka bites tidbits's ghost but does no damage.
You closely miss tidbits's ghost.
You bite tidbits's ghost, but do no damage.
Tidbits's ghost is heavily damaged.
Your bat closely misses tidbits's ghost.
The quokka misses your bat. Tidbits's ghost hits you.
* * * LOW HITPOINT WARNING * * *
Your bat barely misses tidbits's ghost.
You miss tidbits's ghost.
Tidbits's ghost is heavily damaged.
Your bat hits tidbits's ghost.
Your quokka completely misses tidbits's ghost.
The quokka barely misses your bat. Tidbits's ghost hits you.
* * * LOW HITPOINT WARNING * * *
You hit tidbits's ghost but do no damage.
Tidbits's ghost is heavily damaged.
Your quokka misses tidbits's ghost.
Your bat barely misses tidbits's ghost.
The quokka barely misses your bat.
You hit tidbits's ghost.
Tidbits's ghost is heavily damaged.
Your bat completely misses tidbits's ghost.
Your quokka barely misses tidbits's ghost.
Tidbits's ghost hits you but does no damage.
You hit tidbits's ghost.
Tidbits's ghost is heavily damaged.
Your bat misses the quokka.
Your quokka bites tidbits's ghost.
Tidbits's ghost hits you.
You die...

# .##
..###################
...§.......<.r.W@...#
..W############rr####
..§# ##.b..## .r##
###..#### .W.##
#...## ##..# ##.###
##.####..# #.r....##
####..##


You could see tidbits's ghost, a quokka, a rat, a friendly quokka and a friendly
bat.

Vanquished Creatures
  A leopard gecko (D:1)
  2 hobgoblins
  A kobold (D:2)
  2 goblins (D:1)
  A rat (D:1)
7 creatures vanquished.

Vanquished Creatures (collateral kills)
  A bullfrog skeleton (D:4)
  A dart slug (D:1)
  A goblin (D:1)
  A hobgoblin (D:1)
  2 kobolds (D:1)
  2 rats (D:1)
8 creatures vanquished.

Grand Total: 15 creatures vanquished

Notes
Turn   | Place    | Note
-------+----------+-------------------------------------------
     0 | D:1      | tidbits the Gnoll Summoner began the quest for the Orb.
     0 | D:1      | Reached XP level 1. HP: 13/13 MP: 6/6
   226 | D:1      | Reached XP level 2. HP: 11/19 MP: 4/7
   312 | D:2      | Learned a level 2 spell: Call Imp
   484 | D:4      | Noticed tidbits's ghost (weakling GnSu)
   488 | D:4      | Reached skill level 5 in Spellcasting
   488 | D:4      | Reached XP level 3. HP: 13/25 MP: 5/9
   546 | D:4      | HP: 2/25 [tidbits's ghost (1)]
   549 | D:4      | Slain by tidbits's ghost

Vault maps used:
D:1:      tarquinn_simple_flora_water_b
D:2:      chequers_temple_overflow_minitemple, serial_glass, glass_columns_a,
          glass_columns_a, kennysheep_pointless_box, fedhas_altar_fruit_tree
D:3:      okawaru_metal_pillars_1_2, chequers_ecumenical_altar_simple,
          nrook_mini_vaults, minmay_misc_feat_five
D:4:      serial_park_tiny_2, trog_book, uniq_robin

Skill      XL: |  1  2 |
---------------+-------+-----
Spellcasting   | 5 |  5.0
Fighting       | |  0.6
Short Blades   | |  0.6
Long Blades    | |  0.6
Axes           | |  0.6
Maces & Flails | |  0.6
Polearms       | |  0.6
Staves         | |  0.6
Slings         | |  0.6
Bows           | |  0.6
Crossbows      | |  0.6
Throwing       | |  0.6
Armour         | |  0.6
Dodging        | |  4.5
Stealth        | |  4.1
Shields        | |  0.6
Unarmed Combat | |  0.6
Conjurations   | |  0.4
Hexes          | |  0.4
Charms         | |  0.4
Summonings     | |  7.1
Necromancy     | |  0.4
Translocations | |  0.4
Transmutations | |  0.4
Fire Magic     | |  0.4
Ice Magic      | |  0.4
Air Magic      | |  0.4
Earth Magic    | |  0.4
Poison Magic   | |  0.4
Invocations    | |  0.8
Evocations     | |  0.6

Action                   || total
-------------------------++-------
Melee: Dagger            ||    46
       Unarmed           ||     1
       Bite              ||     7
 Cast: Summon Small Mamm ||    24
  Use: Potion            ||     1
 Stab: Sleeping          ||     2
  Eat: Fruit             ||     4
Armor: Robe              ||    18
Dodge: Dodged            ||    58

Table legend:
 A = Spawn XP
 B = Non-spawn XP
 C = Spawn XP percentage of total XP
 D = Spawn monster count
 E = Non-spawn monster count
 F = Spawn count percentage of total count
 G = Total turns spent on level
                    A         B        C        D         E        F      G
               +---------+---------+-------+---------+---------+-------+---------
         Total |       0 |      46 |   0.0 |       0 |      15 |   0.0 |   549
               +---------+---------+-------+---------+---------+-------+---------
           D:1 |       0 |      16 |   0.0 |       0 |      12 |   0.0 |   252
           D:2 |       0 |       2 |   0.0 |       0 |       1 |   0.0 |   132
           D:3 |       0 |       2 |   0.0 |       0 |       1 |   0.0 |    81
           D:4 |       0 |      26 |   0.0 |       0 |       1 |   0.0 |    84
               +---------+---------+-------+---------+---------+-------+---------

Table legend:
 A = Turns spent in this place as a percentage of turns spent in the entire game.
 B = Non-inter-level travel turns spent in this place as a percentage of non-inter-level travel turns spent in the entire game.
 C = Inter-level travel turns spent in this place as a percentage of turns spent in this place.
 D = Turns resting spent in this place as a percentage of non-inter-level travel turns spent in this place.
 E = Turns spent auto-exploring this place as a percentage of non-inter-level travel turns spent in this place.
 F = Non-inter-level travel turns spent in this place divided by the number of levels of this place that you've seen.
                   A       B       C       D       E      F
               +-------+-------+-------+-------+-------+----------------------
         Total | 100.0 | 100.0 |   0.0 |   0.0 |   0.0 | 137.2
       Dungeon | 100.0 | 100.0 |   0.0 |   0.0 |   0.0 | 137.2
               +-------+-------+-------+-------+-------+----------------------

Table legend:
 A = Kills in this place as a percentage of kills in entire the game.
 B = Kills by you in this place as a percentage of kills by you in the entire game.
 C = Kills by friends in this place as a percentage of kills by friends in the entire game.
 D = Other kills in this place as a percentage of other kills in the entire game.
 E = Experience gained in this place as a percentage of experience gained in the entire game.
 F = Experience gained in this place divided by the number of levels of this place that you have seen.
                   A       B       C       D       E      F
               +-------+-------+-------+-------+-------+----------------------
         Total | 100.0 | 100.0 | 100.0 |   N/A | 100.0 |  11.5
       Dungeon | 100.0 | 100.0 | 100.0 |   N/A | 100.0 |  11.5
               +-------+-------+-------+-------+-------+----------------------

Vault maps used:
D:1:      tarquinn_simple_flora_water_b
D:2:      chequers_temple_overflow_minitemple, serial_glass, glass_columns_a,
          glass_columns_a, kennysheep_pointless_box, fedhas_altar_fruit_tree
D:3:      okawaru_metal_pillars_1_2, chequers_ecumenical_altar_simple,
          nrook_mini_vaults, minmay_misc_feat_five
D:4:      serial_park_tiny_2, trog_book, uniq_robin
